 Dungeon Crawl Stone Soup version 0.32-a0-329-ge6c31236d6 (webtiles) character file.

Game seed: 4326495862121802287

258 runemasterragnar the Ruffian (level 5, 0/42 HPs)
             Began as a Demigod Shapeshifter on Feb 16, 2024.
             Slain by Ijyb
             ... wielding a +3 spectral club
              (9 damage)
             ... on level 3 of the Dungeon.
             The game lasted 00:02:12 (2208 turns).

runemasterragnar the Ruffian (Demigod Shapeshifter) Turns: 2208, Time: 00:02:12

Health: 0/42       AC:  2    Str: 16 (19) XL:     5   Next: 62%
Magic:  7/7        EV: 12    Int: 10 (12) God:
Gold:   42         SH:  0    Dex: 12 (13) Spells: 4/4 levels left

rFire   . .          .
                       - Unarmed
rCold   . . .        (no shield)
rNeg    . . .        a - +0 animal skin
rPois   .            (helmet currently unavailable)
rElec   .            (cloak currently unavailable)
rCorr   .            (gloves currently unavailable)
SInv    .            (boots currently unavailable)
Will    .....        (no amulet)
Stlth   +            (no ring)
HPRegen 0.27/turn    (no ring)
MPRegen 0.10/turn

%: no passive effects
@: beast-form, hasted, very quick
A: beast (slay +2), high MP 1, forlorn, divine attributes
a: Begin Untransformation


You were on level 3 of the Dungeon.
You were a hulking beast.
You visited 1 branch of the dungeon, and saw 3 of its levels.

You collected 102 gold pieces.
You spent 60 gold pieces at shops.

Inventory:

Armour
 a - a +0 animal skin (worn)
Jewellery
 e - a ring of fire
Talismans
 c - a beast talisman (active)
 d - a flux talisman
Wands
 m - a wand of mindburst (17)
Scrolls
 b - a scroll of enchant weapon {unknown}
 g - a scroll of amnesia
 h - a scroll of revelation
Potions
 k - a potion of resistance


   Skills:
 + Level 2.4 Fighting
 - Level 1.7 Dodging
 * Level 4.4 Unarmed Combat
 * Level 4.1 Shapeshifting


You had 4 spell levels left.
You didn't know any spells.
Your spell library contained the following spells:

 Spells                   Type           Power      Damage    Failure   Level
 Sting                    Conj/Alch      0%         1d3       36%         1
 Jinxbite                 Hex            0%         N/A       50%         2
 Mercury Vapours          Alch/Air       0%         N/A       50%         2
 Tukima's Dance           Hex            0%         N/A       75%         3
 Dimensional Bullseye     Hex/Tloc       0%         N/A       98%         4
 Iskenderun's Mystic Bla  Conj/Tloc      0%         2d3       98%         4
 Olgreb's Toxic Radiance  Alch           0%         N/A       98%         4
 Yara's Violent Unravell  Hex/Alch       0%         3d3       100%        5
 Enfeeble                 Hex            0%         N/A       100%        7


Dungeon Overview and Level Annotations

Branches:
Dungeon (3/15)

Shops:
D:2 !

Annotations:
D:3 Ijyb


Innate Abilities, Weirdness & Mutations

You are a hulking beast.
Your limbs bulge with bestial killing power. (Slay +2)
You have an increased reservoir of magic. (+10% MP)
You shall have no god before yourself.
Your divine heritage dramatically boosts your attributes as you level up.


Message History

Ijyb screams, "Time for continue experiment!"
Ijyb hits you with a +3 spectral club!
You hit Ijyb.
Ijyb is moderately wounded.
You hit Ijyb but do no damage.
Ijyb is moderately wounded.
Ijyb barely misses you.
You hit Ijyb but do no damage.
Ijyb is moderately wounded.
Ijyb closely misses you.
You hit Ijyb.
Ijyb is moderately wounded.
You closely miss Ijyb.
Ijyb is moderately wounded.
Ijyb hits you with a +3 spectral club.
You hit Ijyb.
Ijyb is heavily wounded.
You hit Ijyb but do no damage.
Ijyb is heavily wounded.
Ijyb barely misses you.
You hit Ijyb but do no damage.
Ijyb is moderately wounded.
Ijyb hits you with a +3 spectral club.
You hit Ijyb.
Ijyb is heavily wounded.
You closely miss Ijyb. You punch Ijyb, but do no damage.
Ijyb is heavily wounded.
Ijyb hits you with a +3 spectral club!
* * * LOW HITPOINT WARNING * * *
You hit Ijyb.
Ijyb is severely wounded.
You hit Ijyb.
Ijyb is severely wounded.
Ijyb hits you with a +3 spectral club.
* * * LOW HITPOINT WARNING * * *
You hit Ijyb.
Ijyb is almost dead.
Ijyb hits you with a +3 spectral club!
You die...
Ijyb screams, "Good help so hard to find!"

#.#######..<#.#..#####
#.......#.###.#..#
#######.#####.#..#
#.......#...
#.........#.#
#.#######.#..
#######...#
#......##g#
#......##h#
#......##+# ........#
........+ ........#
........# ........#


You could see Ijyb.

Vanquished Creatures
  Sigmund (D:3)
  5 adders
  A dart slug (D:2)
  3 endoplasms
  A giant cockroach (D:1)
  7 goblins
  3 hobgoblins
  3 jackals
  A quokka (D:2)
  5 ball pythons
  2 bats
  2 kobolds (D:1)
  3 rats
37 creatures vanquished.

Notes
Turn   | Place    | Note
-------+----------+-------------------------------------------
     0 | D:1      | runemasterragnar the Demigod Shapeshifter began the quest
                  | for the Orb.
     0 | D:1      | Reached XP level 1. HP: 15/15 MP: 3/3
    67 | D:1      | Reached skill level 1 in Fighting
   107 | D:1      | Reached XP level 2. HP: 23/23 MP: 4/4
   839 | D:2      | Reached XP level 3. HP: 17/28 MP: 5/5
  1446 | D:2      | Found Iphotzyo's Distillery.
  1453 | D:2      | Bought a potion of heal wounds for 60 gold pieces
  1638 | D:3      | Reached XP level 4. HP: 19/36 MP: 6/6
  1904 | D:3      | Noticed Sigmund
  1915 | D:3      | Killed Sigmund
  1916 | D:3      | Reached XP level 5. HP: 42/42 MP: 7/7
  2161 | D:3      | Noticed Ijyb
  2176 | D:3      | HP: 1/42 [+3 spectral club[Ijyb] (4)]
  2208 | D:3      | Slain by Ijyb

Illustrated notes

Levels and vault maps discovered:
D:1:      dpeg_arrival_water_temple_mockup, layout_basic,
          grunt_decor_mini_mirrors, chequers_avenue
D:2:      layout_loops_ring, serial_shops, nicolae_shop_trees,
          dreamdust_ecumenical_altar_grove
D:3:      layout_basic, minmay_bisected, uniq_sigmund, uniq_ijyb

Skill      XL: |  1  2  3  4 |
---------------+-------------+-----
Fighting       | 1 2 |  2.4
Unarmed Combat | 3 4 |  4.4
Shapeshifting  | 3 4 |  4.1
Dodging        | |  1.7

Action                     |  1- 3 |  4- 6 || total
---------------------------+-------+-------++-------
  Melee: Unarmed           |    87 |    50 ||   137
         Punch             |     3 |     1 ||     4
    Use: Potion            |     2 |     6 ||     8
         Scroll            |     4 |       ||     4
   Stab: Distracted        |     1 |       ||     1
 Armour: Animal skin       |    39 |    40 ||    79
         Skin              |       |     7 ||     7
  Dodge: Dodged            |    58 |    28 ||    86

Table legend: (Time is in decaauts)
 A = Elapsed time spent in this place.
 B = Non-inter-level travel time spent in this place.
 C = Inter-level travel time spent in this place.
 D = Time resting spent in this place.
 E = Time spent auto-exploring this place.
 F = Levels seen in this place.
 G = Mean time per level.
                   A        B        C        D        E       F      G
               +--------+--------+--------+--------+--------+-----+--------+
         Total |   2188 |   2141 |     47 |    299 |   1563 |   3 |  729.3 |
       Dungeon |   2188 |   2141 |     47 |    299 |   1563 |   3 |  729.3 |
               +--------+--------+--------+--------+--------+-----+--------+

Top non-repeatable levels by time:
     D:1: 808 daAuts
     D:2: 785 daAuts
     D:3: 594 daAuts
